 Dungeon Crawl Stone Soup version 0.20-a0-842-g939b552 (webtiles) character file.

1789 Laan the Cleaver (level 9, -2/75 HPs)
             Began as a Naga Fighter on Mar 9, 2017.
             Was a Follower of Cheibriados.
             Shot with an arrow by a centaur (7 damage)
             ... on level 7 of the Dungeon.
             The game lasted 00:09:28 (6070 turns).

Laan the Cleaver (Naga Fighter)                     Turns: 6070, Time: 00:09:29

Health: -2/75      AC: 15    Str: 26    XL:     9   Next: 8%
Magic:  9/9        EV:  3    Int: 11    God:    Cheibriados [*.....]
Gold:   399        SH:  9    Dex: 13    Spells: 8/8 levels left

rFire    . . .     SeeInvis +   F - +0 war axe (freeze)
rCold    . . .     Gourm    .   b - +0 scale mail
rNeg     + . .     Faith    .   c - +0 shield
rPois    +         Spirit   .   (no helmet)
rElec    .         Reflect  .   (no cloak)
rCorr    .         Harm     .   r - +0 pair of gloves (curse)
MR       +....                  o - +0 naga barding
Stlth    ..........             (no amulet)
Regen    0.3/turn               s - ring of positive energy
MPRegen  0.2/turn               k - +3 ring of protection

@: very slow
A: see invisible, deformed body, poison resistance, slowness 2, slow metabolism
1, spit poison 1, AC +3
a: Spit Poison, Bend Time, Renounce Religion


You were on level 7 of the Dungeon.
You worshipped Cheibriados.
Cheibriados was aware of your devotion.
You were not hungry.

You visited 1 branch of the dungeon, and saw 7 of its levels.

You collected 399 gold pieces.

Inventory:

Hand Weapons
 a - a +0 war axe
 F - a +0 war axe of freezing (weapon)
Armour
 b - a +0 scale mail (worn)
 c - a +0 shield (worn)
 o - a +0 naga barding (worn)
 r - a cursed +0 pair of gloves (worn)
Jewellery
 k - a +3 ring of protection (left hand)
 s - a ring of positive energy (right hand)
 D - an uncursed ring of see invisible {unknown}
Wands
 A - a wand of lightning (8/15)
 E - a wand of flame (27/48)
Scrolls
 h - a scroll of teleportation
 j - 4 scrolls of identify
 p - 2 scrolls of amnesia
 t - a scroll of fog
 v - a scroll of fear
 x - a scroll of recharging
 y - a scroll of magic mapping
 z - 5 scrolls of remove curse
Potions
 d - a potion of might
 e - a potion of magic {unknown}
 g - a potion of heal wounds
 i - 2 potions of degeneration {unknown}
 m - 3 potions of curing
 n - 2 potions of haste {unknown}
 q - 2 potions of ambrosia {unknown}
 u - 4 potions of brilliance {unknown}
 B - a potion of invisibility {unknown}
Comestibles
 f - 7 bread rations
 l - 3 meat rations
 w - 4 royal jellies
 C - 7 chunks of flesh


   Skills:
 - Level 3.0 Fighting
 + Level 11.4 Axes
 - Level 2.4 Armour
 - Level 2.4 Shields


You had 8 spell levels left.
You didn't know any spells.

Dungeon Overview and Level Annotations

Branches:
Dungeon (7/15)             Temple (0/1) D:7

Altars:
Cheibriados
Fedhas
Gozag
Makhleb
Wu Jian
Zin
The Shining One

Annotations:
D:7 Prince Ribbit


Innate Abilities, Weirdness & Mutations

You cannot wear boots.
Your serpentine skin is tough. (AC +3)
You have supernaturally acute eyesight. (SInv)
Armour fits poorly on your strangely shaped body.
Your system is resistant to poisons. (rPois)
You cover ground very slowly.
You have a slow metabolism.
You can spit poison.


Message History

A hippogriff and a giant cockroach come into view.
You see here 9 arrows.
The hippogriff screeches!
The centaur shoots an arrow.
The arrow hits you but does no damage.
The centaur shoots an arrow.
The arrow hits you!
* * * LOW HITPOINT WARNING * * *
Prince Ribbit hops awkwardly around.
Prince Ribbit blinks!
The centaur shoots an arrow.
The arrow hits you.
* * * LOW HITPOINT WARNING * * *
Prince Ribbit hits you but does no damage.
The centaur shoots an arrow.
The arrow barely misses you.
The centaur shoots an arrow.
The arrow barely misses you.
You see here 6 arrows.
You block Prince Ribbit's attack.
The centaur shoots an arrow.
The arrow barely misses you.
The centaur shoots an arrow.
The arrow hits you!
* * * LOW HITPOINT WARNING * * *
You block Prince Ribbit's attack.
The giant cockroach bites you but does no damage.
The centaur shoots an arrow.
The arrow hits you!
You die...

>,,,,,,*,,,,,,,..................
,**,,,**,,,*#...............)....
,**,,,**,,,*#....................
,,,,,,,,,.,*#....#.#(#.#.#.#.....
,,,,,,,,,..##..............##'###
,,,,,,,,,........#..../..#.#.....
,,,,,,,,,....HZ............+>....
,,,,,,,,,.....cs.#...>...#.......
,**,,**#####*#c.@(((.......###+##
***+*###...#####F#..(....#.###...
,,,,,#..............(............
,,,,,#...........#.#.#.#.#.......
,,,,,#.......)...)...............
,,,,,#.......)...................
,**,,###....)#..#.....##.....#...
***,,**############........รท.####
,,*,,,,* #..###.###.#


You could see a hippogriff, Prince Ribbit, 2 centaurs, a giant cockroach and a
centaur skeleton.

Vanquished Creatures
  Duvessa (D:6)
  An ice beast (D:5)
  2 phantoms
  An ogre (D:6)
  A bullfrog (D:7)
  A water moccasin zombie (D:6)
  Dowan (D:6)
  A scorpion (D:4)
  2 crimson imps
  3 hounds
  4 orc wizards
  2 orc priests (D:4)
  A gnoll shaman (D:3)
  Natasha (thrice) (D:4)
  A bullfrog skeleton (D:5)
  3 iguanas
  9 worker ants
  2 hound zombies
  3 worker ant zombies
  5 gnolls
  12 adders
  An ooze (D:4)
  An adder zombie (D:5)
  5 worms
  2 dart slugs
  4 leopard geckos
  18 orcs
  A ball python (D:1)
  3 giant cockroaches
  8 goblins
  13 hobgoblins
  6 jackals
  5 kobolds
  2 quokkas
  13 bats
  6 frilled lizards
  A leopard gecko skeleton (D:5)
  9 rats
157 creatures vanquished.

Notes
Turn   | Place    | Note
-------+----------+-------------------------------------------
     0 | D:1      | Laan the Naga Fighter began the quest for the Orb.
     0 | D:1      | Reached XP level 1. HP: 21/21 MP: 1/1
    98 | D:1      | Reached XP level 2. HP: 24/28 MP: 2/2
   220 | D:1      | Reached skill level 3 in Axes
   337 | D:1      | Reached XP level 3. HP: 24/34 MP: 3/3
   908 | D:2      | Reached skill level 4 in Axes
   909 | D:2      | Reached XP level 4. HP: 37/42 MP: 4/4
  1720 | D:2      | Found a glowing golden altar of the Shining One.
  1805 | D:2      | Found a glowing silver altar of Zin.
  2075 | D:3      | Reached skill level 5 in Axes
  2085 | D:3      | Reached XP level 5. HP: 47/49 MP: 5/5
  2528 | D:4      | Reached skill level 6 in Axes
  2542 | D:4      | Reached XP level 6. HP: 53/56 MP: 6/6
  2604 | D:4      | Found a blossoming altar of Fedhas.
  2694 | D:4      | Noticed Natasha
  2712 | D:4      | Killed Natasha
  2715 | D:4      | HP: 2/56 [worker ant (4)]
  2896 | D:4      | Noticed Natasha
  2901 | D:4      | Killed Natasha
  2999 | D:4      | Reached skill level 7 in Axes
  3130 | D:4      | Reached XP level 7. HP: 43/62 MP: 7/7
  3380 | D:4      | Found an ornate altar of the Wu Jian Council.
  3382 | D:4      | Noticed Natasha
  3387 | D:4      | Killed Natasha
  3436 | D:4      | Found a burning altar of Makhleb.
  3442 | D:4      | Reached skill level 8 in Axes
  3713 | D:5      | Entered Level 5 of the Dungeon
  3850 | D:5      | Found a snail-covered altar of Cheibriados.
  3866 | D:5      | Became a worshipper of Cheibriados the Contemplative
  4259 | D:5      | Reached skill level 9 in Axes
  4259 | D:5      | Reached XP level 8. HP: 22/69 MP: 8/8
  4912 | D:6      | Noticed Dowan
  4914 | D:6      | Noticed Duvessa
  5213 | D:6      | Reached skill level 10 in Axes
  5319 | D:6      | Found an opulent altar of Gozag.
  5323 | D:6      | Reached * piety under Cheibriados
  5678 | D:6      | Killed Duvessa
  5683 | D:6      | Killed Dowan
  5964 | D:7      | Reached skill level 11 in Axes
  5989 | D:7      | Reached XP level 9. HP: 75/75 MP: 9/9
  5992 | D:7      | Found a staircase to the Ecumenical Temple.
  6062 | D:7      | Noticed Prince Ribbit
  6070 | D:7      | Shot with an arrow by a centaur

Vault maps used:
D:1:      evilmike_arrival_hilbert_curve, minmay_misc_feat_hallway,
          minivault_25, minmay_split_cup_small
D:2:      nicolae_tso_swordbearing_angel, zin_scriptorium,
          serial_co_window_serial, co_window_corner_a, co_window_paths_a,
          co_window_of_opportunity_a, co_window_paths_a, co_window_corner_a,
          co_window_broadway_b, co_window_cross_2, co_window_2corner,
          co_window_unsneaky_path_b, co_window_corner_cb, co_window_corner_b,
          co_window_corner_ca, co_window_paths_d, glass_columns_a,
          glass_columns_a, glass_columns_a, glass_columns_c, glass_columns_b,
          minmay_tiny_reverse_x
D:4:      lemuel_round_altar, makhleb_grotto_becter, first_bread,
          fedhas_altar_4, uniq_natasha
D:5:      lemuel_ice_spiral_2, slow_altar_2
D:6:      nicolae_gozag_cash_rules_everything_around_me,
          kennysheep_another_room, uniq_duvessa
D:7:      black_bear_nest_2, lemuel_doored_altar, kennysheep_little_box,
          minmay_temple_entry_glass, uniq_prince_ribbit1

Skill      XL: |  1  2  3  4  5  6  7  8 |
---------------+-------------------------+-----
Axes           | 3 4 5 6 7 9 11 | 11.4
Fighting       | |  3.0
Armour         | |  2.4
Shields        | |  2.4

Action                   |  1- 3 |  4- 6 |  7- 9 || total
-------------------------+-------+-------+-------++-------
Melee: War axe           |    85 |   251 |   269 ||   605
 Abil: Spit Poison       |       |       |     1 ||     1
  Use: Scroll            |     5 |       |     5 ||    10
       Potion            |       |     2 |       ||     2
  Eat: Chunk             |       |     6 |     6 ||    12
       Fruit             |       |       |     3 ||     3
Armor: Scale mail        |    60 |   194 |   170 ||   424
Dodge: Dodged            |    26 |    45 |    36 ||   107
Block: Shield            |    65 |   151 |   117 ||   333
